 Dungeon Crawl Stone Soup version 0.23.2-11-gf996548c65 (webtiles) character file.

Game seed: 1602465662400443190

21 kasmir the Firebug (level 2, 0/22 HPs)
             Began as a Deep Dwarf Fire Elementalist on June 2, 2019.
             Slain by a hobgoblin (1 damage)
             ... on level 2 of the Dungeon.
             The game lasted 00:05:05 (1530 turns).

kasmir the Firebug (Deep Dwarf Fire Elementalist)   Turns: 1530, Time: 00:05:06

Health: 0/22       AC:  2    Str: 11    XL:     2   Next: 65%
Magic:  4/4        EV: 12    Int: 15    God:
Gold:   43         SH:  0    Dex: 13    Spells: 3/4 levels left

rFire    . . .     SeeInvis .   l - +0 whip
rCold    . . .     Gourm    .   (no shield)
rNeg     . . .     Faith    .   a - +0 robe
rPois    .         Spirit   .   (no helmet)
rElec    .         Reflect  .   (no cloak)
rCorr    .         Harm     .   (no gloves)
MR       .....                  (no boots)
Stlth    ++........             (no amulet)
HPRegen  0.00/turn              (no ring)
MPRegen  0.09/turn              (no ring)

@: non-regenerating
A: damage resistance, heal wounds, sense surroundings 1, no regeneration
a: Heal Wounds


You were on level 2 of the Dungeon.
You were not hungry.

You visited 1 branch of the dungeon, and saw 2 of its levels.

You collected 43 gold pieces.

Inventory:

Hand Weapons
 l - a +0 whip (weapon)
Armour
 a - a +0 robe (worn)
Jewellery
 b - an uncursed ring of fire {unknown}
 c - a cursed ring of teleportation {unknown}
 d - an uncursed ring of fire {unknown}
Scrolls
 e - 2 scrolls of fear {unknown}
 f - a scroll of magic mapping {unknown}
 g - 2 scrolls of amnesia {unknown}
 m - a scroll of teleportation {unknown}
Potions
 h - a potion of heal wounds {unknown}
 i - a potion of berserk rage {unknown}
 j - a potion of might {unknown}
 k - a potion of degeneration {unknown}
Comestibles
 n - a ration


   Skills:
 - Level 2.1 Dodging
 - Level 2.4 Stealth
 - Level 1.7 Spellcasting
 - Level 0.8 Conjurations
 + Level 3.6 Fire Magic


You had 3 spell levels left.
You knew the following spells:

 Your Spells              Type           Power        Failure   Level  Hunger
a - Flame Tongue          Conj/Fire      #....        9%          1    ##.....

Your spell library contained the following spells:

 Spells                   Type           Power        Failure   Level  Hunger
 Throw Flame              Conj/Fire      #.....       14%         2    ###....
 Conjure Flame            Conj/Fire      #.......     26%         3    ####...
 Inner Flame              Hex/Fire       #.......     32%         3    ####...
 Sticky Flame             Conj/Fire      #.......     65%         4    #####..
 Fireball                 Conj/Fire      #.........   94%         5    ######.


Dungeon Overview and Level Annotations

Branches:
Dungeon (2/15)

Altars:

Annotations:
D:1 1 runed translucent door


Innate Abilities, Weirdness & Mutations

You are resistant to damage.
You can heal yourself by infusing magical energy.
You passively map a small area around you.
You do not regenerate.


Message History

The hobgoblin misses you. The hobgoblin hits you.
* * * LOW HITPOINT WARNING * * *
The hobgoblin barely misses you. The hobgoblin barely misses you.
The hobgoblin barely misses you. The hobgoblin barely misses you.
The hobgoblin hits you.
* * * LOW HITPOINT WARNING * * *
The hobgoblin closely misses you. The hobgoblin misses you.
The hobgoblin barely misses you. The hobgoblin hits you.
* * * LOW HITPOINT WARNING * * *
The hobgoblin hits you.
* * * LOW HITPOINT WARNING * * *
The hobgoblin hits you. The hobgoblin closely misses you.
The hobgoblin hits you.
You die...

, , , ### *
..# #.# ###
#.# #.. , ,
* #.# #<#
#g# #.# #@#
#.# ,* #.#
#.# * *
*#.######.#
* #........#
*,##########
* * ** * * ,
* * * , *
***, ,,,,
,,, ,


You could see a hobgoblin.

Vanquished Creatures
  An ooze (D:1)
  A dart slug (D:1)
  3 bats (D:1)
  A giant cockroach (D:1)
  A goblin (D:1)
  A hobgoblin (D:1)
  A ball python (D:1)
  4 kobolds (D:1)
  A rat (D:1)
14 creatures vanquished.

Notes
Turn   | Place    | Note
-------+----------+-------------------------------------------
     0 | D:1      | kasmir the Deep Dwarf Fire Elementalist began the quest for
                  | the Orb.
     0 | D:1      | Reached XP level 1. HP: 15/15 MP: 3/3
     1 | D:1      | Found a runed translucent door.
    66 | D:1      | Reached skill level 3 in Fire Magic
   153 | D:1      | Reached XP level 2. HP: 22/22 MP: 0/4
  1461 | D:1      | You fall through a shaft!
  1527 | D:2      | HP: 1/22 [hobgoblin (2)]
  1530 | D:2      | Slain by a hobgoblin

Skill      XL: |  1 |
---------------+----+-----
Fire Magic     | 3 |  3.6
Dodging        | |  2.1
Stealth        | |  2.4
Spellcasting   | |  1.7
Conjurations   | |  0.8

Action                   || total
-------------------------++-------
Melee: Whip              ||     2
 Cast: Flame Tongue      ||    25
 Stab: Sleeping          ||     1
  Eat: Ration            ||     1
Armor: Robe              ||     5
Dodge: Dodged            ||    52
